 Dungeon Crawl Stone Soup version 0.22-a0-265-g0d8bc90 (webtiles) character file.

6601 Amnesiac the Covert (level 10, -3/45 HPs)
             Began as a Spriggan Enchanter on Mar 7, 2018.
             Was an Elder of Dithmenos.
             Killed from afar by a steam dragon (34 damage)
             ... with a ball of steam
             ... on level 8 of the Dungeon.
             The game lasted 00:23:36 (8779 turns).

Amnesiac the Covert (Spriggan Enchanter)            Turns: 8779, Time: 00:23:37

Health: -3/45      AC:  4    Str:  4    XL:     10   Next: 71%
Magic:  15/23      EV: 20    Int: 18    God:    Dithmenos [****..]
Gold:   559        SH:  0    Dex: 19    Spells: 13/25 levels left

rFire    x . .     SeeInvis +   a - +1 dagger (drain)
rCold    + . .     Gourm    .   (shield restricted)
rNeg     . . .     Faith    .   u - +0 robe
rPois    .         Spirit   .   (helmet restricted)
rElec    .         Reflect  .   n - +1 cloak
rCorr    .         Harm     .   (gloves unavailable)
MR       +....                  (boots unavailable)
Stlth    +++++++++.             (no amulet)
HPRegen  0.15/turn              x - ring of ice
MPRegen  0.18/turn              j - ring of stealth

@: lethally poisoned (-3 -> -7), wreathed by umbra, very quick
A: very small, unfitting armour, see invisible, herbivore, speed 3, slow
metabolism 2
a: Shadow Step, Renounce Religion


You were on level 8 of the Dungeon.
You worshipped Dithmenos.
Dithmenos was greatly pleased with you.
You were not hungry.

You visited 2 branches of the dungeon, and saw 10 of its levels.

You collected 559 gold pieces.

Inventory:

Hand Weapons
 a - a +1 dagger of draining (weapon)
Missiles
 f - 40 poisoned needles
 h - 6 needles of frenzy
 i - a tomahawk of dispersal (quivered)
Armour
 n - a +1 cloak (worn)
 s - a cursed +0 buckler
 u - a +0 robe (worn)
 K - a scarf of repulsion
 M - a +2 robe
 P - +0 acid dragon scales
Jewellery
 j - a ring of stealth (right hand)
 w - an uncursed ring of wizardry
 x - a ring of ice (left hand)
Wands
 g - a wand of flame (32)
 k - a wand of iceblast (13)
 l - a wand of digging (16)
 A - a wand of clouds (5)
 C - a wand of acid (10)
 E - a wand of polymorph (15)
 Q - a wand of paralysis (19)
Scrolls
 b - 2 scrolls of blinking {!r}
 e - a scroll of amnesia {!r}
 r - 3 scrolls of enchant armour {!r}
 y - 5 scrolls of teleportation {!r}
 z - 6 scrolls of identify {!r}
 G - a scroll of fear {!r, unknown}
 H - a scroll of noise {!r, unknown}
 J - a scroll of immolation {!r, unknown}
 L - a scroll of enchant weapon {!r}
 N - a scroll of torment {!r, unknown}
 O - a scroll of remove curse {!r}
Potions
 c - 3 potions of berserk rage {!q}
 m - a potion of might {!q}
 o - 2 potions of brilliance {!q}
 p - 5 potions of heal wounds {!q}
 q - a potion of mutation {!q}
 t - 2 potions of magic {!q}
 v - 3 potions of flight {!q}
 B - a potion of resistance {!q}
 D - a potion of ambrosia {!q, unknown}
 F - 2 potions of lignification {!q, unknown}
 I - 4 potions of haste {!q}
Comestibles
 d - 17 rations


   Skills:
 + Level 1.2 Fighting
 - Level 9.0 Short Blades
 + Level 4.1 Dodging
 - Level 12.1 Stealth
 - Level 6.0 Shields
 - Level 8.0 Spellcasting
 - Level 8.0 Hexes


You had 13 spell levels left.
You knew the following spells:

 Your Spells              Type           Power        Failure   Level  Hunger
a - Ensorcelled Hibernat  Hex/Ice        ####..       2%          2    None
b - Corona                Hex            #####..      1%          1    None
c - Dazzling Spray        Conj/Hex       ###...       5%          3    #......
e - Confuse               Hex            #####...     1%          3    #......
w - Tukima's Dance        Hex            #####...     1%          3    #......


Dungeon Overview and Level Annotations

Branches:
Dungeon (9/15)             Temple (1/1) D:4
   Lair: D:8-11         Orc: D:9-12

Altars:
Ashenzari
Cheibriados
Dithmenos
Elyvilon
Fedhas
Gozag
Hepliaklqana
Kikubaaqudgha
Makhleb
Nemelex Xobeh
Okawaru
Qazlal
Ru
Sif Muna
Trog
Uskayaw
Vehumet
Wu Jian
Xom
Yredelemnul
Zin
The Shining One


Innate Abilities, Weirdness & Mutations

You are very small and have problems with some larger weapons.
You are too small for most types of armour.
You have supernaturally acute eyesight. (SInv)
You are a herbivore.
You cover ground extremely quickly.
You need to consume almost no food.


Message History

Casting: Ensorcelled Hibernation (safe; 2% risk of failure)
Confirm with . or Enter, or press ? or * to list all spells.
Aiming: Ensorcelled Hibernation (safe; 2% risk of failure)
Press: ? - help, Shift-Dir - straight line, f - iguana
Aim: an iguana (umbra, chance to defeat MR: 69%)
You feel a surge of power!
The iguana looks drowsy...
The jelly quivers.
The killer bee barely misses you.
The helpless iguana fails to defend itself.
You perforate the iguana like a sieve!!!!
You kill the iguana!
Dithmenos accepts your kill.
Your Dodging skill increases to level 4!
The killer bee stings you.
Casting: Ensorcelled Hibernation (safe; 2% risk of failure)
Confirm with . or Enter, or press ? or * to list all spells.
Aiming: Ensorcelled Hibernation (safe; 2% risk of failure)
Press: ? - help, Shift-Dir - straight line, f - killer bee
Aim: a killer bee (umbra, chance to defeat MR: 69%)
You feel a surge of power!
The killer bee struggles to resist.
The killer bee closely misses you. The killer bee misses you. x2
A killer bee comes into view.
The killer bee stings you.
There is a stone staircase leading up here.
Casting: Ensorcelled Hibernation (safe; 2% risk of failure)
Confirm with . or Enter, or press ? or * to list all spells.
Aiming: Ensorcelled Hibernation (safe; 2% risk of failure)
Press: ? - help, Shift-Dir - straight line, f/p - killer bee
Aim: a killer bee (umbra, chance to defeat MR: 69%)
You feel a surge of power!
The killer bee looks drowsy...
The killer bee misses you. The killer bee barely misses you.
The helpless killer bee fails to defend itself.
You stick the killer bee like a pincushion!!!!
You kill the killer bee!
Dithmenos accepts your kill. The killer bee completely misses you.
The orc warrior closely misses you. The steam dragon misses you.
The steam dragon barely misses you. The killer bee misses you.
The killer bee stings you!
You are poisoned.
The killer bee poisons you! The killer bee completely misses you.
The steam dragon misses you. x2; The killer bee misses you.
You climb upwards.
You feel sick.
There is a stone staircase leading down here.
Casting: Ensorcelled Hibernation (safe; 2% risk of failure)
Confirm with . or Enter, or press ? or * to list all spells.
Aiming: Ensorcelled Hibernation (safe; 2% risk of failure)
Press: ? - help, Shift-Dir - straight line, f - orc warrior
Aim: an orc warrior, wielding a short sword and wearing a plate armour (umbra, chance to defeat MR: 61%)
You feel a surge of power!
The orc warrior resists with significant effort.
You feel sick. The killer bee completely misses you.
The orc warrior misses you. The steam dragon completely misses you.
The steam dragon misses you. The killer bee misses you.
Casting: Ensorcelled Hibernation (safe; 2% risk of failure)
Confirm with . or Enter, or press ? or * to list all spells.
Aiming: Ensorcelled Hibernation (safe; 2% risk of failure)
Press: ? - help, Shift-Dir - straight line, f/p - orc warrior
Aim: an orc warrior, wielding a short sword and wearing a plate armour (umbra, chance to defeat MR: 61%)
You feel a surge of power!
The orc warrior looks drowsy...
You feel sick. The killer bee completely misses you.
The steam dragon breathes steam at you. The ball of steam hits you!
The steam scalds you terribly!
Ouch! That really hurt!
You die...

########## #####........#
#............#
#.####.####..###############
#.##.....##..##@o..........#
#.#.......#[[yDy##########.##
##.#.......#.###.# #..#
#......_.....# #.# ##.##
#..#..[))..#.# #.# #..#
#..#.......#.# #.############.###
#..##.....##.###.................
#..####.####.....##.......###..##
#................##.......##.....


You could see a steam dragon, an orc warrior (sleeping) and 2 killer bees.

Vanquished Creatures
  The ghost of HEYYEYAAE the Summoner, a novice DgSu (D:8)
  Pikel (D:4)
  Joseph (D:8)
  A slime creature (D:7)
  Prince Ribbit (D:8)
  2 hippogriffs
  Sigmund (D:2)
  A spriggan (D:8)
  Eustachio (D:4)
  A warg (D:9)
  An acid dragon (D:8)
  Duvessa (D:4)
  The ghost of Amnesiac the Ducker, an amateur SpCj (D:4)
  2 water moccasins
  5 sky beasts
  An orc warrior (D:8)
  A phantom (D:8)
  A necrophage (D:7)
  3 ice beasts
  A slave (D:4)
  5 ogres
  A centaur (D:6)
  2 bullfrogs
  Dowan (D:4)
  A water moccasin zombie (D:7)
  4 scorpions
  A water moccasin skeleton (D:8)
  2 killer bees
  2 wights (D:7)
  2 howler monkeys
  3 crimson imps
  4 hounds
  A jelly (D:7)
  3 quasits
  8 orc priests
  2 gnoll shamans
  A centaur skeleton (D:7)
  2 iguanas
  6 orc wizards
  2 worker ants
  A hound skeleton (D:7)
  A worker ant zombie (D:7)
  9 gnolls
  A howler monkey skeleton (D:6)
  8 adders
  2 shadow imps
  2 oozes (D:2)
  3 adder skeletons
  3 dart slugs
  4 leopard geckos
  24 orcs
  A ball python (D:3)
  3 bats
  2 giant cockroaches
  6 goblins
  3 hobgoblins (D:2)
  15 jackals
  5 kobolds
  2 quokkas
  3 frilled lizards
  A giant cockroach zombie (D:6)
  A quokka skeleton (D:6)
  A quokka zombie (D:8)
  2 rats
184 creatures vanquished.

Vanquished Creatures (collateral kills)
  An orc warrior (D:7)
1 creature vanquished.

Vanquished Creatures (others)
  Blork the orc (D:4)
1 creature vanquished.

Grand Total: 186 creatures vanquished

Notes
Turn   | Place    | Note
-------+----------+-------------------------------------------
     0 | D:1      | Amnesiac the Spriggan Enchanter began the quest for the Orb.
     0 | D:1      | Reached XP level 1. HP: 9/9 MP: 5/5
   118 | D:2      | Reached XP level 2. HP: 9/13 MP: 3/6
   122 | D:2      | Learned a level 2 spell: Ensorcelled Hibernation
   139 | D:2      | Reached skill level 5 in Stealth
   148 | D:2      | Noticed Sigmund
   537 | D:4      | Noticed Blork the orc
   539 | D:4      | Noticed Eustachio
   996 | D:3      | Reached XP level 3. HP: 16/16 MP: 5/8
  1023 | D:4      | Learned a level 3 spell: Confuse
  1094 | D:4      | Killed Blork the orc
  1094 | D:4      | Reached XP level 4. HP: 11/21 MP: 5/9
  1098 | D:4      | Found a staircase to the Ecumenical Temple.
  1107 | Temple   | Entered the Ecumenical Temple
  1240 | Temple   | Became a worshipper of Dithmenos the Shadowed
  1431 | D:4      | Killed Eustachio
  1431 | D:4      | Reached skill level 5 in Short Blades
  1431 | D:4      | Reached XP level 5. HP: 12/24 MP: 3/10
  1814 | D:1      | Learned a level 3 spell: Tukima's Dance
  2264 | D:2      | Reached skill level 6 in Stealth
  2264 | D:2      | Reached XP level 6. HP: 28/28 MP: 3/11
  2457 | D:2      | Killed Sigmund
  2457 | D:2      | Reached skill level 7 in Stealth
  2919 | D:4      | Got a pitted falchion
  2947 | D:4      | Reached skill level 8 in Stealth
  3055 | D:4      | Noticed a slave
  3073 | D:4      | Noticed a slave
  3077 | D:4      | Noticed Pikel
  3079 | D:4      | Killed a slave
  3081 | D:4      | Noticed a slave
  3089 | D:4      | Noticed a slave
  3102 | D:4      | Killed Pikel
  3102 | D:4      | Reached * piety under Dithmenos
  3102 | D:4      | Reached skill level 11 in Stealth
  3102 | D:4      | Reached XP level 7. HP: 25/32 MP: 0/12
  3163 | D:4      | Noticed Amnesiac's ghost (amateur SpCj)
  3247 | D:4      | Identified the +4 falchion of Severance {flame, Dex+4} (You found it on level 4 of the Dungeon)
  3324 | D:4      | Noticed Duvessa
  3332 | D:4      | Killed Amnesiac's ghost
  3332 | D:4      | Reached skill level 12 in Stealth
  3332 | D:4      | Reached XP level 8. HP: 25/36 MP: 6/13
  3334 | D:4      | Killed Duvessa
  3409 | D:4      | Noticed Dowan
  3413 | D:4      | Killed Dowan
  3629 | D:5      | Entered Level 5 of the Dungeon
  4010 | D:4      | Learned a level 3 spell: Dazzling Spray
  4118 | D:5      | Found a glowing golden altar of the Shining One.
  4310 | D:5      | Reached ** piety under Dithmenos
  4770 | D:6      | Reached XP level 9. HP: 39/39 MP: 16/16
  4792 | D:6      | Reached skill level 5 in Spellcasting
  4851 | D:6      | Reached skill level 5 in Hexes
  5093 | D:6      | Found a sacrificial altar of Ru.
  5093 | D:6      | Found an opulent altar of Gozag.
  5094 | D:6      | Found a stormy altar of Qazlal.
  5722 | D:7      | Reached *** piety under Dithmenos
  6102 | D:7      | Reached skill level 1 in Shields
  6165 | D:7      | Reached XP level 10. HP: 44/44 MP: 19/23
  6448 | D:7      | Found a blossoming altar of Fedhas.
  6452 | D:7      | Found a glowing silver altar of Zin.
  6453 | D:7      | Found an iron altar of Okawaru.
  6700 | D:8      | Noticed HEYYEYAAE's ghost (novice DgSu)
  6728 | D:8      | Killed HEYYEYAAE's ghost
  7021 | D:8      | Noticed Prince Ribbit
  7025 | D:8      | Killed Prince Ribbit
  7123 | D:8      | Found a sparkling altar of Nemelex Xobeh.
  7130 | D:8      | Reached skill level 5 in Shields
  7219 | D:8      | Noticed Joseph
  7230 | D:8      | HP: 1/44 [wyvern zombie (6)]
  7232 | D:8      | Killed Joseph
  7539 | D:8      | Found an opulent altar of Gozag.
  7617 | D:8      | Reached **** piety under Dithmenos
  7983 | D:9      | Reached skill level 1 in Fighting
  8305 | D:8      | Found a sparkling altar of Nemelex Xobeh.
  8394 | D:8      | Found an opulent altar of Gozag.
  8779 | D:8      | Killed from afar by a steam dragon

Vault maps used:
D:1:      minmay_arrival_checkered_box
D:2:      uniq_sigmund
D:4:      lemuel_temple_firewalk_a, first_ration, uniq_eustachio,
          uniq_blork_the_orc, uniq_duvessa, uniq_pikel
D:5:      nicolae_tso_carved_into_rock
D:6:      grunt_temple_overflow_open
D:7:      cheibrodos_fzero, minitemple, serial_undead, serial_undead_a,
          serial_undead_e, serial_undead_e, serial_undead_b
D:8:      old_standard_altar, basic_altar, the_bakery, minmay_checkerbox,
          uniq_joseph, uniq_prince_ribbit1
D:9:      erik_orc_4, serial_gnoll_camp, gnoll_camp_mini_hut,
          gnoll_camp_huts_basic, gnoll_camp_medium_01, gnoll_camp_medium_02,
          nicolae_ru_path_of_blood
Temple:   regret_index_temple_waves

Skill      XL: |  1  2  3  4  5  6  7  8  9 10 |
---------------+-------------------------------+-----
Short Blades   | 2 3 5 6 9 |  9.0
Stealth        | 5 6 11 12 | 12.1
Spellcasting   | 4 8 |  8.0
Hexes          | 4 8 |  8.0
Shields        | 1 6 |  6.0
Fighting       | 1 |  1.2
Dodging        | 4 |  4.1

Action                   |  1- 3 |  4- 6 |  7- 9 | 10-12 || total
-------------------------+-------+-------+-------+-------++-------
Melee: Dagger            |    40 |    15 |   240 |    88 ||   383
       Short sword       |       |    51 |    15 |       ||    66
Throw: Tomahawk          |     4 |       |       |       ||     4
 Cast: Corona            |     4 |       |       |       ||     4
       Ensorcelled Hiber |     7 |    26 |    56 |    45 ||   134
       Confuse           |     1 |     4 |    21 |     8 ||    34
       Tukima's Dance    |       |     2 |     1 |       ||     3
       Dazzling Spray    |       |       |     1 |       ||     1
  Use: Scroll            |     2 |     9 |     5 |       ||    16
 Stab: Sleeping          |     9 |    21 |    58 |    44 ||   132
       Confused          |       |     1 |     8 |     7 ||    16
       Distracted        |       |     1 |     3 |       ||     4
       Invisible         |       |       |     1 |       ||     1
  Eat: Ration            |       |     1 |     3 |     1 ||     5
Armor: Robe              |     2 |       |     7 |     9 ||    18
Dodge: Dodged            |    22 |    39 |   153 |   113 ||   327

Table legend:
 A = Spawn XP
 B = Non-spawn XP
 C = Spawn XP percentage of total XP
 D = Spawn monster count
 E = Non-spawn monster count
 F = Spawn count percentage of total count
 G = Total turns spent on level
                    A         B        C        D         E        F      G
               +---------+---------+-------+---------+---------+-------+---------
         Total |       0 |    9431 |   0.0 |       0 |     185 |   0.0 |  8779
               +---------+---------+-------+---------+---------+-------+---------
           D:1 |       0 |      11 |   0.0 |       0 |       5 |   0.0 |   614
           D:2 |       0 |     269 |   0.0 |       0 |      22 |   0.0 |   825
           D:3 |       0 |      29 |   0.0 |       0 |      10 |   0.0 |   707
           D:4 |       0 |    1377 |   0.0 |       0 |      16 |   0.0 |  1440
           D:5 |       0 |     998 |   0.0 |       0 |      25 |   0.0 |   970
           D:6 |       0 |     996 |   0.0 |       0 |      31 |   0.0 |   913
           D:7 |       0 |    2120 |   0.0 |       0 |      30 |   0.0 |  1072
           D:8 |       0 |    3042 |   0.0 |       0 |      27 |   0.0 |  1932
           D:9 |       0 |     589 |   0.0 |       0 |      19 |   0.0 |   165
               +---------+---------+-------+---------+---------+-------+---------
